[Event "Titled Tuesday Blitz March 07 Late 2023"]
[White "Gasparyan, David"]
[Black "Larino Nieto, David"]
[WhiteFideId "13311980"]
[BlackFideId "2256444"]
[WhiteElo "2461"]
[BlackElo "2506"]
[Result "0-1"]
[Round "07"]
[TimeControl "180+2"]
[Date "2023.03.07"]
[WhiteClock "0:00:02"]
[BlackClock "0:00:07"]

1. Nf3 e6 2. g3 b6 3. Bg2 Bb7 4. d3 Ne7 5. O-O d6 6. c4 Nd7 7. Nc3 h6 8. b4 a5 9. bxa5 Rxa5 10. Bb2 h5 11. Qc2 Nf5 12. e4 Nh6 13. d4 Be7 14. h3 Qa8 15. Rfe1 g5 16. Nb5 Kd8 17. Bc3 g4 18. Nd2 gxh3 19. Bxh3 Ra4 20. c5 Ng4 21. cxd6 Bxd6 22. d5 e5 23. Nf3 Qa6 24. Nxd6 cxd6 25. a3 Rxa3 26. Rxa3 Qxa3 27. Ra1 Qc5 28. Ra7 Bc8 29. Qd2 b5 30. Bxg4 Qxa7 31. Qg5+ Kc7 32. Bxd7 Bxd7 33. Nxe5 Qc5 34. Ba5+ Kc8 35. Nxd7 Kxd7 36. Qf5+ Ke7 37. Qg5+ Kd7 38. Qf6 Ra8 39. Qxf7+ Kc8 40. Bd2 Qc7 41. Qe6+ Kb7 42. Be3 b4 43. Kg2 b3 44. e5 b2 45. Qf5 Ra1 46. exd6 Qxd6 47. Qf7+ Qc7 48. Qf3 b1=Q 49. d6+ Qc6 0-1


[Site "https://www.chess.com"]

[Event "Titled Tuesday Blitz March 07 Late 2023"]
[White "Hernandez Gonzalez, William"]
[Black "Kaganskiy, Gleb"]
[WhiteFideId "3509915"]
[BlackFideId "4132025"]
[WhiteElo "2374"]
[BlackElo "2165"]
[Result "1-0"]
[Round "07"]
[TimeControl "180+2"]
[Date "2023.03.07"]
[WhiteClock "0:00:23"]
[BlackClock "0:00:14"]

1. e4 e6 2. d4 d5 3. Nc3 Bb4 4. e5 c5 5. a3 Bxc3+ 6. bxc3 Ne7 7. Nf3 Qa5 8. Bd2 Qa4 9. h4 c4 10. h5 h6 11. Rh4 Nbc6 12. g4 Bd7 13. g5 O-O-O 14. Rf4 Nf5 15. gxh6 gxh6 16. Nh4 Nxh4 17. Rxh4 Ne7 18. Bh3 Rdg8 19. Rg4 Nf5 20. Rxg8+ Rxg8 21. Kf1 f6 22. exf6 Rf8 23. Bxf5 exf5 24. Bxh6 Rxf6 25. Bg7 Qc6 26. Bxf6 Qxf6 27. Qf3 Qh4 28. Ke2 Be6 29. Rh1 Qe7 30. Kd2 Qxa3 31. Qf4 Qe7 32. h6 Qh7 33. Qe5 Bd7 34. Qg7 1-0


[Site "https://www.chess.com"]

[Event "Titled Tuesday Blitz March 07 Late 2023"]
[White "Papasimakopoulos, Alexandros"]
[Black "Yano, William Jorge Froes"]
[WhiteFideId "4244125"]
[BlackFideId "2112949"]
[WhiteElo "2359"]
[BlackElo "2122"]
[Result "1-0"]
[Round "07"]
[TimeControl "180+2"]
[Date "2023.03.07"]
[WhiteClock "0:00:22"]
[BlackClock "0:00:02"]

1. d4 Nf6 2. c4 Nc6 3. Nf3 e6 4. a3 a5 5. d5 Ne7 6. Nc3 d6 7. e4 e5 8. Bd3 Ng6 9. O-O Be7 10. Re1 O-O 11. h3 b6 12. Rb1 Bd7 13. b4 axb4 14. axb4 Qc8 15. Bf1 h6 16. Be3 Ra3 17. Qc2 Nh5 18. Nb5 Ra8 19. c5 bxc5 20. bxc5 Ngf4 21. c6 Bxh3 22. gxh3 Nxh3+ 23. Kh1 Bg5 24. Bxg5 hxg5 25. Nh2 N5f4 26. Re3 g6 27. Nxc7 Nxf2+ 28. Qxf2 Qxc7 29. Rg3 f6 30. Rb7 Qa5 31. Ng4 Qa4 32. Re3 Qd1 33. Qf3 Qc1 34. Nh2 Ra1 35. Rc3 Qe1 36. c7 Raa8 37. Qe3 Qa1 38. Qc1 Qa5 39. c8=Q Raxc8 40. Rxc8 Qa4 41. Rxf8+ Kxf8 42. Qc8+ Qe8 43. Qc7 Nh5 44. Bb5 Qa8 45. Qf7# 1-0


[Site "https://www.chess.com"]

[Event "Titled Tuesday Blitz March 07 Late 2023"]
[White "Martinez Ramirez, Lennis"]
[Black "Kovacs, Klara"]
[WhiteFideId "3509079"]
[BlackFideId "733210"]
[WhiteElo "2439"]
[BlackElo "2179"]
[Result "1-0"]
[Round "07"]
[TimeControl "180+2"]
[Date "2023.03.07"]
[WhiteClock "0:01:29"]
[BlackClock "0:00:13"]

1. c4 e5 2. Nc3 Nc6 3. g3 Nf6 4. Bg2 Bb4 5. Nd5 Nxd5 6. cxd5 Ne7 7. Nf3 d6 8. O-O a5 9. e4 Bg4 10. d4 exd4 11. Qxd4 O-O 12. Bg5 Bc5 13. Qc3 h6 14. Be3 Bxe3 15. Qxe3 Ng6 16. Nd4 Ne5 17. f4 Nc4 18. Qc3 Nb6 19. f5 Qf6 20. h3 Na4 21. Qd2 Bh5 22. g4 c5 23. dxc6 bxc6 24. gxh5 c5 25. e5 dxe5 26. Bxa8 Rxa8 27. Nf3 e4 28. Nh2 Rd8 29. Qg2 Nxb2 30. Qxe4 c4 31. Ng4 Qg5 32. f6 Rd3 33. fxg7 Qc5+ 34. Rf2 Rg3+ 35. Kh2 Rxg4 36. Qe8+ Kxg7 37. Qxf7+ Kh8 38. hxg4 1-0


[Site "https://www.chess.com"]

[Event "Titled Tuesday Blitz March 07 Late 2023"]
[White "Bach, Matthias"]
[Black "Cuenca Jimenez, Jose Fernando"]
[WhiteFideId "4603168"]
[BlackFideId "2255570"]
[WhiteElo "2165"]
[BlackElo "2429"]
[Result "1-0"]
[Round "07"]
[TimeControl "180+2"]
[Date "2023.03.07"]
[WhiteClock "0:00:25"]
[BlackClock "0:00:02"]

1. d4 Nf6 2. c4 g6 3. Nc3 Bg7 4. e4 d6 5. f4 c5 6. d5 O-O 7. Nf3 e6 8. Be2 exd5 9. cxd5 Nbd7 10. O-O Re8 11. Nd2 c4 12. e5 dxe5 13. Nxc4 exf4 14. Bxf4 Nb6 15. Nd6 Rf8 16. Nxc8 Rxc8 17. d6 Nc4 18. Bxc4 Qb6+ 19. Kh1 Rxc4 20. Qe2 Qc6 21. Rad1 Rc5 22. Qd2 Qd7 23. Bg5 Ng4 24. Be7 Rfc8 25. h3 Ne5 26. Ne4 Rc2 27. Qd5 Kh8 28. Ng5 Qc6 29. Qxc6 R2xc6 30. Nxf7+ Nxf7 31. Rxf7 Kg8 32. Rff1 Bf8 33. Bxf8 Rxf8 34. Rxf8+ Kxf8 35. d7 1-0


[Site "https://www.chess.com"]

[Event "Titled Tuesday Blitz March 07 Late 2023"]
[White "Gerbelli Neto, Eduardo"]
[Black "Clarke, Brandon G I"]
[WhiteFideId "2103281"]
[BlackFideId "400319"]
[WhiteElo "2178"]
[BlackElo "2414"]
[Result "0-1"]
[Round "07"]
[TimeControl "180+2"]
[Date "2023.03.07"]
[WhiteClock "0:00:45"]
[BlackClock "0:01:28"]

1. e4 c5 2. Nc3 d6 3. f4 g6 4. Bb5+ Bd7 5. Bc4 Bg7 6. Nf3 Nc6 7. O-O e6 8. d3 Nge7 9. Bb3 O-O 10. Qe1 Nd4 11. Nxd4 cxd4 12. Ne2 a5 13. a4 b5 14. Qf2 Qb6 15. axb5 Bxb5 16. Ba4 Rac8 17. c3 Bxd3 18. cxd4 Bxe4 19. Be3 Nf5 20. Rac1 Qxb2 21. Rxc8 Rxc8 0-1


[Site "https://www.chess.com"]

[Event "Titled Tuesday Blitz March 07 Late 2023"]
[White "Mendez Fortes, Eduardo Jesus"]
[Black "Boyer, Mahel"]
[WhiteFideId "3502376"]
[BlackFideId "45102422"]
[WhiteElo "2307"]
[BlackElo "2439"]
[Result "1-0"]
[Round "07"]
[TimeControl "180+2"]
[Date "2023.03.07"]
[WhiteClock "0:00:40"]
[BlackClock "0:00:02"]

1. e4 Nc6 2. Nf3 d5 3. exd5 Qxd5 4. Nc3 Qh5 5. d4 Bg4 6. Be2 O-O-O 7. Be3 e5 8. d5 Nf6 9. O-O Nb4 10. h3 Bxf3 11. Bxf3 Qg6 12. Rc1 e4 13. Bg4+ Kb8 14. a3 Nbxd5 15. Qd4 b6 16. Nxd5 Rxd5 17. Qc4 Bd6 18. Be2 h5 19. Qc6 Ng4 20. Qxd5 Nxe3 21. fxe3 Qg3 22. Ba6 Qh2+ 23. Kf2 c6 24. Qg5 Rh6 25. Qd8# 1-0


[Site "https://www.chess.com"]

[Event "Titled Tuesday Blitz March 07 Late 2023"]
[White "Weichhold, Pawel"]
[Black "Karas, Marek"]
[WhiteFideId "1139703"]
[BlackFideId "14928558"]
[WhiteElo "2330"]
[BlackElo "2233"]
[Result "1-0"]
[Round "07"]
[TimeControl "180+2"]
[Date "2023.03.07"]
[WhiteClock "0:00:13"]
[BlackClock "0:00:10"]

1. e4 e6 2. d4 d5 3. Nc3 Nf6 4. Bg5 Be7 5. e5 Nfd7 6. Bxe7 Qxe7 7. f4 a6 8. Nf3 c5 9. Qd2 Nc6 10. dxc5 Qxc5 11. O-O-O b5 12. Bd3 b4 13. Ne2 a5 14. Kb1 Ba6 15. g4 Bxd3 16. cxd3 Qb6 17. Rc1 O-O 18. h4 Rac8 19. h5 Na7 20. h6 g6 21. f5 Rxc1+ 22. Rxc1 Rc8 23. Rxc8+ Nxc8 24. Qg5 Qc7 25. Ned4 exf5 26. gxf5 Qc5 27. e6 fxe6 28. fxe6 Nf8 29. Qe5 Qe7 30. Qxd5 a4 31. Ng5 Nb6 32. Qe5 a3 33. Qg7+ Qxg7 34. hxg7 Nxe6 35. Ngxe6 axb2 36. Kxb2 h5 37. Nf3 Nd7 38. Kb3 Nf6 39. Kxb4 Kf7 40. Nfg5+ Ke7 41. a4 h4 42. Nf4 Kd6 43. a5 Kc6 44. Kc4 Kd7 45. Kb5 h3 46. Nfxh3 Ke7 47. Nf4 Kd6 48. a6 Kc7 49. Nd5+ Nxd5 50. g8=Q Nc3+ 51. Kc4 1-0


[Site "https://www.chess.com"]

[Event "Titled Tuesday Blitz March 07 Late 2023"]
[White "Bitoon, Richard"]
[Black "reevecanada"]
[WhiteFideId "5201110"]
[WhiteElo "2374"]
[BlackElo "2525"]
[Result "1-0"]
[Round "07"]
[TimeControl "180+2"]
[Date "2023.03.07"]
[WhiteClock "0:00:19"]
[BlackClock "0:02:20"]

1. b3 Nf6 2. Bb2 d5 3. e3 e6 4. Nf3 Bd6 5. c4 c6 6. cxd5 exd5 7. Be2 O-O 8. O-O Nbd7 9. Nd4 Nb6 10. f4 Qe7 11. Qe1 a6 12. Nc3 c5 13. Nf3 Ne4 14. Nxe4 dxe4 15. Qg3 f6 16. Nh4 Bd7 17. Rac1 Rad8 18. Bg4 Kh8 19. Qh3 Bxg4 20. Ng6+ Kg8 21. Nxe7+ Bxe7 22. Qxg4 Rxd2 23. Qe6+ Kh8 24. Qxe7 Rfd8 25. Rc2 R2d7 26. Qxc5 Nd5 27. Rd2 Rc7 28. Rxd5 Rcd7 29. Rxd7 Rxd7 30. Qf8# 1-0


[Site "https://www.chess.com"]

[Event "Titled Tuesday Blitz March 07 Late 2023"]
[White "Kleiman, Jake"]
[Black "Cardoso Cardoso, Jose Gabriel"]
[WhiteFideId "2020041"]
[BlackFideId "4430492"]
[WhiteElo "2494"]
[BlackElo "2496"]
[Result "0-1"]
[Round "07"]
[TimeControl "180+2"]
[Date "2023.03.07"]
[WhiteClock "0:00:10"]
[BlackClock "0:00:08"]

1. e4 c5 2. c3 d5 3. exd5 Qxd5 4. d4 g6 5. Nf3 Bg7 6. Na3 cxd4 7. Bc4 Qe4+ 8. Be3 Nh6 9. Nb5 Na6 10. Nbxd4 O-O 11. O-O Ng4 12. Bg5 Ne5 13. Re1 Nxf3+ 14. Qxf3 Qxf3 15. Nxf3 e6 16. Rad1 Nc7 17. Bf4 Nd5 18. Bxd5 exd5 19. Rxd5 Be6 20. Rb5 b6 21. a3 Rfd8 22. Be5 Bh6 23. Bd4 Bd5 24. h3 Rac8 25. Bf6 Rd6 26. Rd1 Rxf6 27. Rbxd5 Re6 28. Kf1 Kg7 29. Rd7 a5 30. Nd4 Rf6 31. g3 Be3 32. f4 g5 33. f5 Bxd4 34. R1xd4 Rxf5+ 35. Kg2 Re8 36. Rd2 h5 37. Rf2 Ree5 38. Rxf5 Rxf5 39. Rd4 Re5 40. Kf2 Re6 41. a4 Kg6 42. Rd5 f6 43. b4 Rc6 44. bxa5 bxa5 45. Rxa5 Rxc3 46. Ra8 Rc2+ 47. Kf3 Rh2 48. h4 g4+ 49. Ke3 Rg2 50. Kf4 Rf2+ 51. Ke4 Rf3 52. Rg8+ Kh7 53. Rf8 Kg7 54. Rb8 Rxg3 55. Rb5 Kg6 56. Rb8 Ra3 57. Ra8 g3 58. a5 Kg7 59. Ra7+ Kh6 60. Ra8 Ra4+ 61. Kf3 Rg4 62. Kg2 Rxh4 63. Kxg3 Ra4 64. Ra6 Kg5 65. Ra8 Ra3+ 66. Kg2 Kg4 67. Rg8+ Kf4 68. Rh8 Rxa5 69. Kh3 Ra3+ 70. Kg2 Rg3+ 71. Kh2 Rg5 72. Kh3 Rc5 73. Ra8 f5 74. Ra4+ Kg5 75. Ra3 h4 76. Rf3 Re5 77. Ra3 f4 78. Kg2 Kg4 79. Rf3 Re2+ 80. Rf2 h3+ 81. Kf1 Rxf2+ 82. Kxf2 Kh4 0-1


[Site "https://www.chess.com"]

[Event "Titled Tuesday Blitz March 07 Late 2023"]
[White "Gonzalez, Francisco Silva"]
[Black "Mirzoev, Azer"]
[WhiteFideId "1512285"]
[BlackFideId "13400304"]
[WhiteElo "2074"]
[BlackElo "2525"]
[Result "0-1"]
[Round "07"]
[TimeControl "180+2"]
[Date "2023.03.07"]
[WhiteClock "0:00:42"]
[BlackClock "0:00:41"]

1. d4 d5 2. c4 dxc4 3. e4 e5 4. Nf3 Bb4+ 5. Nc3 exd4 6. Nxd4 Nf6 7. Bxc4 O-O 8. O-O Bxc3 9. bxc3 Nxe4 10. Be3 Nd7 11. Qc2 Nd6 12. Bd5 Ne5 13. h3 Ndc4 14. Bxc4 Nxc4 15. Bf4 c5 16. Nb3 b6 17. Qe4 Be6 18. Rfd1 Qf6 19. Qf3 h6 20. Nd2 Nb2 21. Re1 Nd3 22. Qxd3 Qxf4 23. Re4 Qf6 24. Qe3 Rad8 25. a4 Qg5 26. Nf3 Qxe3 27. Rxe3 a5 28. Rb1 Rd6 29. Ne5 Rfd8 30. Kh2 Rd2 31. Kg3 R8d6 32. f4 Ra2 33. Rd3 Rxd3+ 34. Nxd3 Bf5 35. Rd1 Rxa4 36. Ne5 Be6 37. Rd8+ Kh7 38. Rb8 Ra3 39. Kf2 Rxc3 40. Rxb6 a4 41. g4 Rxh3 42. f5 Bb3 43. Nf3 Bd5 44. Ne5 a3 45. Ra6 a2 46. Ng6 fxg6 47. fxg6+ Kh8 48. Ra8+ Bxa8 0-1


[Site "https://www.chess.com"]

[Event "Titled Tuesday Blitz March 07 Late 2023"]
[White "Fus, Jakub"]
[Black "ArchibaldCerveza29"]
[WhiteFideId "1193023"]
[WhiteElo "2335"]
[BlackElo "2485"]
[Result "1-0"]
[Round "07"]
[TimeControl "180+2"]
[Date "2023.03.07"]
[WhiteClock "0:00:07"]
[BlackClock "0:00:02"]

1. e4 e5 2. Nf3 Nc6 3. Bb5 Nf6 4. O-O Nxe4 5. d4 Nd6 6. dxe5 Nxb5 7. a4 d6 8. axb5 Nxe5 9. Nd4 Be7 10. Nc3 O-O 11. Re1 Re8 12. Nd5 Bf8 13. f4 c6 14. fxe5 cxd5 15. Bf4 dxe5 16. Bxe5 Qg5 17. Nf3 Qh5 18. h3 Bc5+ 19. Bd4 Bxd4+ 20. Nxd4 Qxd1 21. Rexd1 Bd7 22. Kf2 Re4 23. c3 Kf8 24. Ra5 Ke7 25. Rda1 a6 26. bxa6 Rxa6 27. Rxa6 bxa6 28. Rxa6 Rf4+ 29. Kg3 Rf1 30. Rb6 Rc1 31. Nf3 f6 32. Nd4 h5 33. h4 Rd1 34. Rb7 Kd6 35. Kf2 Rd2+ 36. Kf3 Bg4+ 37. Kg3 Bd7 38. Rb6+ Ke7 39. b4 Rd3+ 40. Kf4 Rxc3 41. Rb7 Rc4 42. Ke3 Rc3+ 43. Kd2 Rg3 44. b5 Rxg2+ 45. Kc3 Kd6 46. Nb3 Rg3+ 47. Kb4 Rg4+ 48. Ka5 Rxh4 49. Rb6+ Kc7 50. Nc5 Bc8 51. Rc6+ Kb8 52. Kb6 Rb4 53. Rd6 1-0


[Site "https://www.chess.com"]

[Event "Titled Tuesday Blitz March 07 Late 2023"]
[White "Diaz Perez, Michel Alejandro"]
[Black "Meduri, Aakaash"]
[WhiteFideId "3517179"]
[BlackFideId "2032252"]
[WhiteElo "2333"]
[BlackElo "2113"]
[Result "1-0"]
[Round "07"]
[TimeControl "180+2"]
[Date "2023.03.07"]
[WhiteClock "0:00:11"]
[BlackClock "0:00:01"]

1. Nf3 d5 2. c4 c6 3. e3 Nf6 4. b3 e6 5. Bb2 Bd6 6. Qc2 O-O 7. Bd3 h6 8. g4 Nxg4 9. Rg1 f5 10. h3 Nf6 11. Nh4 Rf7 12. Ng6 Na6 13. a3 Nc5 14. Be2 Bd7 15. d3 Qe8 16. b4 Na6 17. Ne5 Re7 18. Nd2 Rc8 19. c5 Bb8 20. Ndf3 b6 21. Kd2 bxc5 22. bxc5 Bxe5 23. Nxe5 Rc7 24. Rg2 Bc8 25. Rag1 Kh7 26. Qc3 Qg8 27. Ng6 Rf7 28. Qd4 Nb8 29. Ne5 Nbd7 30. Nxf7 Qxf7 31. Qf4 Rb7 32. Bxf6 Nxf6 33. Qe5 Qf8 34. d4 g5 35. Bd3 Rb2+ 36. Kc1 Rb3 37. Bc2 Rxa3 38. Qc7+ Kg6 39. h4 g4 40. Rxg4+ Nxg4 41. Rxg4+ Kh5 42. Qf4 Qf6 43. Qf3 Rxe3 44. fxe3 fxg4 45. Qxf6 g3 46. Bd1# 1-0


[Site "https://www.chess.com"]

[Event "Titled Tuesday Blitz March 07 Late 2023"]
[White "Dodaro, Mattia"]
[Black "Saveliev, Alexei"]
[WhiteFideId "28583400"]
[BlackFideId "24128546"]
[WhiteElo "2415"]
[BlackElo "2271"]
[Result "0-1"]
[Round "07"]
[TimeControl "180+2"]
[Date "2023.03.07"]
[WhiteClock "0:01:25"]
[BlackClock "0:02:16"]

1. a3 g6 2. Nf3 Bg7 3. g3 e5 4. d3 d5 5. Bg2 c5 6. O-O Nc6 7. e4 d4 8. c3 Nge7 9. cxd4 cxd4 10. b4 a6 11. Nbd2 O-O 12. Bb2 f5 13. exf5 gxf5 14. Nc4 Ng6 15. Bc1 Be6 16. Bg5 Qe8 17. Rc1 h6 18. Bd2 Rd8 19. Re1 Qf7 20. Qe2 e4 21. Nh4 Nxh4 22. gxh4 Bxc4 23. Rxc4 Ne5 0-1


[Site "https://www.chess.com"]

[Event "Titled Tuesday Blitz March 07 Late 2023"]
[White "Harriott, Tyrell"]
[Black "Gascon Del Nogal, Jose Rafael"]
[WhiteFideId "2086484"]
[BlackFideId "3902463"]
[WhiteElo "2107"]
[BlackElo "2473"]
[Result "0-1"]
[Round "07"]
[TimeControl "180+2"]
[Date "2023.03.07"]
[WhiteClock "0:00:02"]
[BlackClock "0:00:05"]

1. d4 d5 2. e3 Nf6 3. Bd3 c5 4. c3 Nc6 5. f4 g6 6. Nf3 Bg7 7. O-O O-O 8. Nbd2 Qc7 9. Ne5 Rb8 10. b3 b5 11. Bb2 c4 12. Bc2 Bf5 13. Bxf5 gxf5 14. bxc4 bxc4 15. Ba3 Rfe8 16. Qa4 Rbc8 17. Bc5 e6 18. Rab1 Nxe5 19. fxe5 Ng4 20. Rf3 Nxe5 21. Rg3 Ng4 22. Nf1 Nf6 23. Qa6 Ne4 24. Rb7 Qc6 25. Rxg7+ Kxg7 26. Qxa7 Ng5 27. Rb6 Qa8 28. Qd7 Rb8 29. Rxb8 Rxb8 30. Bd6 Rb1 31. Be5+ Kg6 32. Qe7 Ne4 33. h4 Rb7 34. h5+ Kxh5 35. Ng3+ Nxg3 36. Qf6 Rb1+ 37. Kh2 Rh1+ 38. Kxg3 Qg8+ 39. Kf2 Qg6 40. Qe7 Ra1 41. Bg3 Rxa2+ 42. Kf1 Qxg3 43. Qxf7+ Qg6 44. Qe7 Qxg2+ 0-1


[Site "https://www.chess.com"]

[Event "Titled Tuesday Blitz March 07 Late 2023"]
[White "Krallis, Christos"]
[Black "Rostomyan, Mikayel"]
[WhiteFideId "4298896"]
[BlackFideId "13313754"]
[WhiteElo "2243"]
[BlackElo "2009"]
[Result "1-0"]
[Round "07"]
[TimeControl "180+2"]
[Date "2023.03.07"]
[WhiteClock "0:00:14"]
[BlackClock "0:00:09"]

1. e4 c5 2. Nf3 d6 3. Nc3 Nf6 4. Bb5+ Nbd7 5. d4 cxd4 6. Qxd4 a6 7. Bxd7+ Bxd7 8. O-O g6 9. Bg5 Bg7 10. Nd5 O-O 11. Nxf6+ exf6 12. Bh4 Bc6 13. Qd3 Re8 14. Rfe1 Qb6 15. Rab1 f5 16. exf5 Rxe1+ 17. Rxe1 Bxf3 18. Qxf3 Qb4 19. Qe4 Qxe4 20. Rxe4 gxf5 21. Re7 b5 22. c3 b4 23. cxb4 Bxb2 24. Bg3 Rb8 25. h4 Rxb4 26. Bxd6 Rxh4 27. Rb7 Bf6 28. g3 Rd4 29. Bf4 Kg7 30. Rb3 Ra4 31. a3 h5 32. Be3 h4 33. gxh4 Rxh4 34. Kg2 Rg4+ 35. Kf3 Rc4 36. Rb6 Ra4 37. Bc1 Be7 38. Bb2+ f6 39. Re6 Kf7 40. Re3 Bc5 41. Rc3 Be7 42. Rb3 Kg6 43. Kg2 Bd6 44. Kf3 Be5 45. Bc1 f4 46. Kg4 Rc4 47. Bd2 Rc2 48. Rd3 Ra2 49. Kf3 Kf5 50. Rd5 Rb2 51. Rd3 a5 52. Bxa5 Ra2 53. Bd2 Bb2 54. Bb4 Be5 55. Kg2 Ra1 56. Kf3 Ra2 57. Rb3 Ra1 58. Bc3 Bxc3 59. Rxc3 Ke5 60. Rc5+ Kd6 61. Ra5 Ke6 62. Kxf4 Ra2 63. f3 Rb2 64. Ra6+ Ke7 65. Kf5 Rb3 66. f4 Rb5+ 67. Kg6 f5 68. a4 Rb4 69. Kxf5 Kf7 70. Ra7+ Kf8 71. Kg5 Rb6 72. f5 Rb1 73. Kg6 Rg1+ 74. Kf6 Ke8 75. Ra8+ Kd7 76. Kf7 Rf1 77. f6 Kd6 78. a5 Ke5 79. Re8+ Kd6 80. Re2 Rf5 81. a6 Ra5 82. Kg7 Rxa6 83. f7 Ra7 84. Kg8 1-0


[Site "https://www.chess.com"]

[Event "Titled Tuesday Blitz March 07 Late 2023"]
[White "Ozates, Tuna"]
[Black "Matinian, Nikita"]
[WhiteFideId "6354521"]
[BlackFideId "24129100"]
[WhiteElo "2151"]
[BlackElo "2422"]
[Result "1-0"]
[Round "07"]
[TimeControl "180+2"]
[Date "2023.03.07"]
[WhiteClock "0:00:10"]
[BlackClock "0:00:02"]

1. e4 c5 2. Nf3 e6 3. d4 cxd4 4. Nxd4 Nc6 5. Nc3 Qc7 6. Qd3 a6 7. Nxc6 Qxc6 8. Be2 b5 9. a3 Bb7 10. Qg3 Nf6 11. O-O h5 12. h4 Be7 13. Bf3 Qc4 14. Bg5 Nxe4 15. Bxe4 Bxe4 16. Nxe4 Qxe4 17. Bxe7 Kxe7 18. Rad1 d5 19. Qc7+ Kf6 20. Rfe1 Qxh4 21. Rd3 Kg6 22. Rg3+ Kh7 23. Qxf7 Qf6 24. Qxh5+ Kg8 25. Qg4 Re8 26. Ree3 Qxb2 27. Re1 Qf6 28. Rge3 Rh4 29. Qg3 Qh6 30. f3 d4 31. Re4 Rh1+ 32. Kf2 Rxe1 33. Rxe1 Rc8 34. Re2 Rc3 35. Qd6 Qh4+ 36. Kg1 Kh7 37. Qxe6 d3 38. Qf5+ g6 39. Qf7+ Kh6 40. Qf8+ Kh5 41. g4+ 1-0


[Site "https://www.chess.com"]

[Event "Titled Tuesday Blitz March 07 Late 2023"]
[White "Pinheiro, Iung Alicio de O."]
[Black "Melikhov, Evgeny V."]
[WhiteFideId "2104350"]
[BlackFideId "4122046"]
[WhiteElo "2283"]
[BlackElo "2158"]
[Result "0-1"]
[Round "07"]
[TimeControl "180+2"]
[Date "2023.03.07"]
[WhiteClock "0:00:01"]
[BlackClock "0:00:32"]

1. e4 e5 2. Bc4 Nf6 3. d3 Nc6 4. Nc3 Na5 5. Qf3 Nxc4 6. dxc4 d6 7. Nge2 Be7 8. Ng3 Bg4 9. Qd3 Qd7 10. h3 Be6 11. b3 O-O 12. O-O c6 13. Bg5 h6 14. Bxf6 Bxf6 15. Rad1 Rad8 16. Nf5 Bxf5 17. exf5 Be7 18. Qf3 f6 19. Rfe1 Qe8 20. Re3 Qf7 21. Red3 Rd7 22. Ne4 Rfd8 23. Nc5 d5 24. Nxd7 e4 25. Qe3 exd3 26. Qe6 dxc2 27. Rc1 Ba3 28. Rxc2 Rxd7 29. cxd5 Qxe6 0-1


[Site "https://www.chess.com"]

[Event "Titled Tuesday Blitz March 07 Late 2023"]
[White "Zampronha, Wladimir Camilo"]
[Black "Golubka, Petro"]
[WhiteFideId "2103087"]
[BlackFideId "14114224"]
[WhiteElo "2176"]
[BlackElo "2391"]
[Result "0-1"]
[Round "07"]
[TimeControl "180+2"]
[Date "2023.03.07"]
[WhiteClock "0:00:09"]
[BlackClock "0:00:48"]

1. e4 c5 2. Nf3 Nc6 3. d4 cxd4 4. Nxd4 e6 5. Nc3 Nf6 6. Nxc6 dxc6 7. e5 Qxd1+ 8. Nxd1 Ng4 9. f4 f6 10. h3 Nh6 11. exf6 gxf6 12. g4 Bc5 13. Be3 Bxe3 14. Nxe3 Bd7 15. Bd3 Ke7 16. Kf2 Nf7 17. Rae1 Rae8 18. Re2 b6 19. Rhe1 Kd8 20. Nc4 Kc7 21. Nd2 Nd6 22. Nc4 Nf7 23. Nd2 Nd8 24. Nf3 Ref8 25. Nd4 h5 26. Bc4 e5 27. Nf5 hxg4 28. hxg4 Rh2+ 29. Kg3 Rxe2 30. Rxe2 b5 31. Bb3 c5 32. Bd5 Bc6 33. Ne7 exf4+ 34. Kxf4 Bd7 35. Rh2 Ne6+ 36. Bxe6 Bxe6 37. Rh7 Kb6 38. a3 a5 39. Nf5 a4 40. Re7 Ba2 41. Ne3 Kc6 42. Kf5 Kd6 43. Ra7 Be6+ 44. Kf4 Rc8 45. Rb7 Kc6 46. Re7 Kd6 47. Rb7 Kc6 48. Re7 Bd7 49. Nd5 Rf8 50. Ne3 Kd6 51. Rg7 Be6 52. Nf5+ Kd5 53. Rb7 Kc6 54. Re7 Ba2 55. Ne3 Rd8 56. Kf5 Rd6 57. Kf4 Rd4+ 58. Kf3 b4 59. Re8 bxa3 60. bxa3 Bd5+ 61. Nxd5 Kxd5 62. Rd8+ Ke5 63. Rd6 Rxd6 0-1


[Site "https://www.chess.com"]

[Event "Titled Tuesday Blitz March 07 Late 2023"]
[White "Sai Krishna G V"]
[Black "Erzhanov, Arman"]
[WhiteFideId "5028280"]
[BlackFideId "4138821"]
[WhiteElo "2359"]
[BlackElo "2138"]
[Result "1-0"]
[Round "07"]
[TimeControl "180+2"]
[Date "2023.03.07"]
[WhiteClock "0:00:20"]
[BlackClock "0:00:05"]

1. e4 d6 2. d4 Nf6 3. Nc3 c6 4. Bd3 e5 5. Nge2 Be7 6. O-O O-O 7. Kh1 Re8 8. f4 Nbd7 9. Qe1 Bf8 10. Qg3 exd4 11. Nxd4 Nc5 12. e5 dxe5 13. fxe5 Qxd4 14. exf6 Nxd3 15. cxd3 Qg4 16. Ne4 Qxg3 17. hxg3 g6 18. Bf4 Bf5 19. Nd6 Bxd6 20. Bxd6 Bxd3 21. Rfe1 Be4 22. Kg1 Re6 23. Be7 Bd5 24. a3 Re8 25. Kf2 h5 26. g4 Rxe1 27. Rxe1 hxg4 28. Kg3 Be6 29. Rh1 b6 30. Bd6 Bf5 31. Bf4 Re6 32. Rd1 g5 33. Bxg5 Kh7 34. Rd8 Be4 35. Rf8 Bg6 36. Kxg4 Re4+ 37. Bf4 c5 38. Ra8 a5 39. Kg5 Re2 40. g4 Rxb2 41. Bd6 Rd2 42. Bf8 Rd5+ 43. Kf4 Bc2 44. Bg7 Kg6 45. Rh8 Rd4+ 46. Kg3 Rd3+ 47. Kh4 1-0


[Site "https://www.chess.com"]

[Event "Titled Tuesday Blitz March 07 Late 2023"]
[White "Kozin, Yuri"]
[Black "Rytenko, Vsevolod"]
[WhiteFideId "4129920"]
[BlackFideId "14133040"]
[WhiteElo "2484"]
[BlackElo "2262"]
[Result "0-1"]
[Round "07"]
[TimeControl "180+2"]
[Date "2023.03.07"]
[WhiteClock "0:00:04"]
[BlackClock "0:00:05"]

1. e4 e5 2. Nf3 d6 3. d4 Bg4 4. dxe5 Nc6 5. exd6 Bxd6 6. Be2 Qe7 7. Nfd2 h5 8. Bxg4 hxg4 9. Qxg4 Nf6 10. Qe2 Nd4 11. Qd3 O-O-O 12. Qxd4 Bc5 13. Qc4 Ng4 14. Qe2 Nxf2 15. Rf1 Rxh2 16. Rxf2 Bxf2+ 17. Qxf2 Rh1+ 18. Nf1 Qxe4+ 19. Be3 Rxf1+ 20. Kxf1 Rd1+ 21. Ke2 Qxc2+ 22. Kf3 Qf5+ 23. Ke2 Qd3+ 24. Kf3 Rxb1 25. Rxb1 Qxb1 26. Qd2 Qxa2 27. Bd4 Qd5+ 28. Kf2 c5 29. Bc3 Qf5+ 30. Kg1 f6 31. Qe2 Kd7 32. Qb5+ Kc7 33. Qe8 Qd7 34. Qf8 b6 35. Qa8 Kd6 36. Qf3 Qc6 37. Qg3+ Kd5 38. Qxg7 f5 39. Qe5+ Kc4 40. Qxf5 Kb3 41. Qd3 c4 42. Qd1+ Ka2 43. g4 Qe4 44. Qd4 Qe2 0-1


[Site "https://www.chess.com"]

[Event "Titled Tuesday Blitz March 07 Late 2023"]
[White "Ashraf, Artin"]
[Black "Golubev, Mikhail"]
[WhiteFideId "22514805"]
[BlackFideId "14100983"]
[WhiteElo "2188"]
[BlackElo "2374"]
[Result "0-1"]
[Round "07"]
[TimeControl "180+2"]
[Date "2023.03.07"]
[WhiteClock "0:00:07"]
[BlackClock "0:00:03"]

1. e4 c5 2. Nf3 d6 3. d4 cxd4 4. Nxd4 Nf6 5. Nc3 g6 6. Be3 Bg7 7. f3 Nc6 8. Qd2 O-O 9. Bc4 Nxd4 10. Bxd4 Be6 11. Bxe6 fxe6 12. O-O Qa5 13. Rfd1 Nd7 14. Ne2 Qxd2 15. Rxd2 Bh6 16. Rd3 Rac8 17. Rc3 a6 18. Rd1 Bg7 19. Bxg7 Kxg7 20. Nd4 Kf7 21. Rxc8 Rxc8 22. c3 Ne5 23. Rd2 Nc4 24. Re2 e5 25. Nb3 a5 26. Nc1 b5 27. Nd3 Ke6 28. Kf2 g5 29. g4 h6 30. Kg3 Nb6 31. h4 Kf6 32. Rh2 Kg6 33. Rc2 b4 34. h5+ Kf6 35. Kf2 bxc3 36. bxc3 Na4 37. c4 Ke6 38. Ke3 Kd7 39. Nc1 Nb6 40. Kd3 a4 41. Ne2 a3 42. Rc3 Rc7 43. Ng3 e6 44. Nf1 Ra7 45. Ne3 Na4 46. Rc1 Nc5+ 47. Kc3 Rb7 48. Nc2 Rb2 49. Ra1 Na4+ 50. Kd3 Nc5+ 51. Kd2 Kc6 52. Kd1 Na4 53. Kc1 Kc5 54. Nxa3 Rf2 55. Rb1 Nc3 56. Rb3 Nxa2+ 57. Kd1 Nb4 58. Rc3 Ra2 59. Nb5 Ra1+ 60. Kd2 Ra2+ 61. Ke3 Nc2+ 62. Kd3 Ne1+ 63. Ke3 Ng2+ 64. Kd3 Nf4+ 0-1


[Site "https://www.chess.com"]